Map: Amygdala

Players

DiegoXone

  • Race: Terran Terran
  • League: Silver
  • Spawn Location: 7:00

iPlayDefense - Winner!

  • Race: Terran Terran
  • League: Silver
  • Spawn Location: 1:00

VOD

Have the link to the VOD?

Description

Time

  • Played on: April 18, 2025, 4:58 p.m.
  • Length: 15:57
Show
View Real Time Build Order
Export as new Build Order

DiegoXone Terran 

Build Orders:  

Get SALT Encoding   

  12  0:18  Supply Depot  
  12  0:20  Refinery  
  12  0:38  Refinery  
  12  0:47  Barracks  
  12  0:53  SCV  
  13  1:05  SCV  
  14  1:17  SCV  
  15  1:25  Supply Depot  
  15  1:29  SCV  
  16  1:48  Factory  
  16  1:53  Barracks Tech Lab  
  16  1:58  SCV  
  17  2:15  Supply Depot  
  17  2:29  Orbital Command  
  17  2:53  Barracks Tech Lab  
  17  3:04  Starport  
  17  3:06  Siege Tank  
  20  3:38  Siege Tank  
  23  3:47  Barracks Tech Lab  
  23  3:56  Command Center  
  23  4:10  Siege Tank  
  26  4:21  Barracks Reactor  
  26  4:26  SCV  
  26  4:27  Engineering Bay  
  27  4:38  SCV  
  28  4:42  Siege Tank  
  31  4:51  SCV  
  32  5:03  SCV  
  32  5:06  Viking  
  35  5:08  Supply Depot  
  35  5:15  SCV  
  36  5:26  Missile Turret  
  36  5:54  Missile Turret  
  36  5:55  Refinery  
  36  5:58  Refinery  
  36  6:09  Supply Depot, Starport  
  36  6:15  Sensor Tower  
  36  6:22  Orbital Command  
  36  6:32  Supply Depot  
  36  6:36  Barracks Tech Lab  
  36  6:39  Starport  
  36  6:42  SCV  
  37  6:54  SCV  
  38  6:55  Supply Depot  
  38  7:05  Barracks Tech Lab, Starport  
  38  7:06  SCV  
  39  7:26  SCV  
  39  7:27  Fusion Core  
  40  7:38  SCV  
  41  7:50  SCV  
  42  7:51  Viking x2  
  42  7:52  Viking  
  48  8:02  SCV  
  49  8:08  SCV  
  50  8:20  SCV  
  51  8:32  SCV  
  58  8:34  Battlecruiser  
  58  8:39  SCV  
  59  8:42  Weapon Refit  
  59  8:44  SCV  
  60  8:51  SCV  
  61  8:58  Battlecruiser  
  67  9:03  SCV  
  67  9:08  Battlecruiser  
  74  9:41  Battlecruiser  
  80  9:47  Barracks Tech Lab  
  80  9:51  Starport  
  62  10:53  Command Center  
  54  11:08  Battlecruiser x2  
  66  11:27  Siege Tank  
  69  11:42  Supply Depot  
  69  12:04  Siege Tank, Battlecruiser  
  69  12:05  Supply Depot  
  78  12:14  Missile Turret  
  78  12:20  Orbital Command  
  78  12:31  Battlecruiser  
  84  12:37  Command Center  
  84  12:54  Supply Depot  
  84  13:12  Siege Tank  
  87  13:16  Supply Depot  
  87  13:29  Armory  
  87  13:35  SCV  
  87  13:37  Armory  
  88  13:44  Siege Tank  
  88  13:47  SCV  
  92  13:56  Sensor Tower  
  92  14:05  Orbital Command  
  92  14:08  Missile Turret  
  92  14:17  Siege Tank  
  95  14:25  Missile Turret  
  95  14:38  Viking x4  
  103  14:44  Missile Turret  
  103  14:49  Siege Tank  
  106  14:55  Refinery  
  106  15:04  Refinery  
Show
View Real Time Build Order
Export as new Build Order

iPlayDefense Terran - Winner!

Build Orders:  

Get SALT Encoding   

  12  0:00  SCV  
  13  0:15  Supply Depot  
  13  0:17  SCV  
  14  0:29  SCV  
  14  0:34  Refinery  
  15  0:41  SCV  
  16  0:49  Barracks  
  16  0:53  SCV  
  17  1:05  SCV, Refinery  
  18  1:14  Supply Depot  
  18  1:18  SCV  
  19  1:36  Orbital Command  
  19  1:38  Barracks Reactor  
  19  2:04  Barracks  
  19  2:05  Barracks  
  19  2:08  SCV  
  20  2:16  Marine  
  20  2:17  Marine  
  20  2:20  SCV  
  23  2:32  SCV  
  23  2:34  Marine x2  
  26  2:52  Barracks Tech Lab x2  
  26  3:07  SCV  
  26  3:08  Command Center  
  26  3:12  Combat Shield, Stimpack  
  27  3:25  Factory  
  27  3:31  Marine  
  27  3:32  Marine x3  
  31  3:55  Engineering Bay  
  31  3:56  Supply Depot  
  31  4:09  Factory Tech Lab  
  31  4:18  SCV, Marine x2  
  31  4:19  Supply Depot  
  34  4:25  Orbital Command  
  34  4:30  SCV  
  35  4:36  Siege Tank  
  38  4:42  Supply Depot, SCV  
  39  4:54  SCV  
  39  4:56  SCV  
  41  5:01  Refinery  
  41  5:03  Marine x3  
  41  5:06  SCV  
  45  5:08  Supply Depot, SCV  
  45  5:13  Siege Tank  
  49  5:18  SCV  
  49  5:19  Terran Infantry Weapons Level 1  
  49  5:20  SCV  
  51  5:25  Refinery  
  51  5:29  Starport  
  51  5:30  Supply Depot  
  51  5:34  SCV  
  51  5:35  SCV  
  53  5:36  Marine  
  53  5:37  Marine  
  55  5:47  SCV x2  
  57  5:52  Supply Depot  
  57  5:54  Bunker  
  57  6:08  SCV  
  57  6:09  SCV, Marine x4  
  63  6:14  Siege Tank  
  63  6:15  Supply Depot  
  66  6:20  SCV  
  66  6:21  SCV  
  66  6:24  Starport Reactor  
  68  6:27  Marine x2  
  70  6:33  SCV x2, Marine  
  70  6:34  Marine  
  74  6:44  Marine  
  74  6:45  SCV x2  
  74  6:46  Siege Tank  
  80  6:48  Missile Turret  
  80  7:05  SCV x2  
  80  7:06  Marine x2  
  80  7:07  Marine x2  
  86  7:10  Medivac x2  
  90  7:17  SCV x2  
  90  7:18  Siege Tank  
  95  7:23  Armory  
  95  7:24  Marine x2  
  95  7:27  Terran Infantry Armor Level 1  
  97  7:40  Medivac x2  
  97  7:43  Marine  
  102  7:59  Supply Depot x2  
  102  8:21  Siege Tank, Marine x4  
  102  8:23  Medivac x2  
  113  8:30  Supply Depot  
  113  8:31  Supply Depot  
  113  8:38  Marine  
  113  8:39  Marine x3  
  117  8:53  Supply Depot, Command Center, Medivac  
  117  8:54  Supply Depot, Siege Tank  
  122  8:56  Marine x3  
  125  9:05  SCV x2  
  125  9:06  Marine  
  125  9:09  Medivac  
  130  9:14  Marine x3  
  133  9:17  SCV x2  
  133  9:20  Supply Depot, Terran Infantry Weapons Level 2  
  133  9:21  Terran Vehicle Weapons Level 1  
  133  9:23  Supply Depot, Medivac  
  137  9:24  Marine  
  137  9:26  Siege Tank  
  137  9:29  SCV x2  
  143  9:32  Marine  
  144  9:39  Medivac  
  122  9:58  Siege Tank  
  123  10:11  SCV x2  
  125  10:14  Marine x4  
  125  10:15  Barracks  
  125  10:17  Barracks  
  125  10:19  Viking  
  125  10:20  Viking  
  126  10:23  SCV x2  
  122  10:30  Siege Tank  
  122  10:32  Marine x2  
  122  10:35  SCV x2  
  129  10:49  SCV x2, Viking  
  133  10:50  Marine, Viking  
  133  10:51  Marine x3  
  139  11:01  SCV x2  
  139  11:02  Siege Tank  
  144  11:08  Marine x2  
  146  11:13  SCV x2  
  146  11:15  Terran Vehicle And Ship Armor Level 1  
  148  11:19  Viking  
  148  11:20  Viking  
  148  11:21  Barracks Reactor x2  
  152  11:30  Supply Depot  
  152  11:31  Supply Depot  
  152  11:34  Thor  
  152  11:38  Refinery x2  
  158  11:45  Terran Infantry Weapons Level 3  
  158  11:49  Viking  
  158  11:50  Viking  
  162  12:10  Marine x8  
  170  12:17  Thor  
  170  12:19  Viking  
  178  12:27  Marine  
  178  12:28  Marine x7  
  186  12:40  Orbital Command  
  186  12:45  Marine  
  186  12:46  Marine x7  
  194  12:52  Viking  
  196  13:03  Marine  
  197  13:09  Terran Vehicle Weapons Level 2  
  197  13:14  Missile Turret  
  197  13:15  Missile Turret  
  197  13:16  Missile Turret x2  
  197  13:17  Missile Turret  
  197  13:19  Missile Turret  
  197  13:20  Missile Turret  
  197  13:21  Missile Turret x2  
  197  13:22  Missile Turret x2  
  197  13:23  Missile Turret  
  197  13:25  Missile Turret  
  197  13:34  Missile Turret  
  197  13:36  Missile Turret  
  197  13:39  Supply Depot  
  197  13:40  Supply Depot  
  197  14:00  Marine, Viking  
  200  14:43  Missile Turret  
  200  14:44  Missile Turret  
  200  15:04  Missile Turret x2  
  200  15:21  Marine x2  
  200  15:22  Marine x2  
  200  15:24  Marine x2  
  200  15:25  Viking  
  200  15:26  Missile Turret  
Tags
 
Matchup
TvT
Race
Terran
Replay Pack
Dave SC2 II
Spawn Locations
Cross Positions
Add a new tag
Caveats
  • Supply blocks, unpowered buildings, or Contaminate may cause inaccurate times.
  • Supply counts are checked every 10 seconds.